 Dungeon Crawl Stone Soup version 0.29-a0-1019-g84f7d21838 (webtiles) character file.

Game seed: 16131040771645865417

42 gelatine the Firebug (level 3, -4/24 HPs)
             Began as a Demonspawn Fire Elementalist on Aug 10, 2022.
             Slain by Robin
             ... wielding a +0 trident
              (6 damage)
             ... on level 2 of the Dungeon.
             The game lasted 00:05:20 (1240 turns).

gelatine the Firebug (Demonspawn Fire Elementalist) Turns: 1240, Time: 00:05:21

Health: -4/24      AC:  3    Str:  8    XL:     3   Next: 35%
Magic:  0/6        EV: 12    Int: 18    God:
Gold:   41         SH:  0    Dex: 13    Spells: 5/6 levels left

rFire   . . .      SeeInvis .   e - +4 whip
rCold   . . .      Faith    .   (no shield)
rNeg    . . .      Spirit   .   a - +0 robe
rPois   .          Reflect  .   (helmet restricted)
rElec   .          Harm     .   (no cloak)
rCorr   .          Rampage  .   (no gloves)
Will    .....                   (no boots)
Stlth   ++........              (no amulet)
HPRegen 0.08/turn               (no ring)
MPRegen 0.10/turn               (no ring)

@: no status effects
A: horns 1, sharp scales 1
a: no special abilities


You were on level 2 of the Dungeon.
You visited 1 branch of the dungeon, and saw 2 of its levels.

You collected 41 gold pieces.

Inventory:

Hand Weapons
 e - a +4 whip (weapon)
Armour
 a - a +0 robe (worn)
Scrolls
 c - 2 scrolls of amnesia {unknown}
 f - a scroll of poison {unknown}
 h - 3 scrolls of identify {unknown}
 i - a scroll of torment {unknown}
 j - a scroll of noise {unknown}
Potions
 b - a potion of magic
 d - a potion of invisibility {unknown}
 g - 2 potions of curing {unknown}
 k - a potion of heal wounds {unknown}


   Skills:
 + Level 0.7 Maces & Flails
 + Level 1.9 Dodging
 + Level 2.0 Stealth
 + Level 2.3 Spellcasting
 + Level 1.0 Conjurations
 + Level 3.3 Fire Magic


You had 5 spell levels left.
You knew the following spells:

 Your Spells              Type           Power      Damage    Failure   Level
a - Foxfire               Conj/Fire      40%        2x1d6     7%          1

Your spell library contained the following spells:

 Spells                   Type           Power      Damage    Failure   Level
 Scorch                   Fire           28%        2d6       7%          2
 Apportation              Tloc           4%         N/A       17%         1
 Necrotise                Necr           8%         1d4       17%         1
 Summon Small Mammal      Summ           8%         N/A       17%         1
 Conjure Flame            Conj/Fire      10%        6-21      22%         3
 Inner Flame              Hex/Fire       8%         N/A       26%         3
 Flame Wave               Conj/Fire      10%        2d6       56%         4
 Malign Gateway           Summ/Tloc      1%         N/A       100%        7
 Summon Horrible Things   Summ           1%         N/A       100%        8


Dungeon Overview and Level Annotations

Branches:
Dungeon (2/15)

Altars:

Annotations:
D:2 Robin


Innate Abilities, Weirdness & Mutations

You have a pair of small horns on your head.
You are partially covered in razor-sharp scales. (AC +1, Slay +1)


Message History

The foxfire hits the goblin.
You kill the goblin!
You conjure some foxfire!
The foxfire hits the hobgoblin.
You kill the hobgoblin!
The foxfire hits the hobgoblin.
The hobgoblin is moderately wounded.
You conjure some foxfire!
Robin completely misses you. The hobgoblin attacks as you move away!
The hobgoblin hits you.
The foxfire hits the hobgoblin.
The hobgoblin is heavily wounded.
The foxfire hits Robin.
Robin is lightly wounded.
Robin closely misses you.
You conjure some foxfire!
The hobgoblin hits you. Robin misses you.
You hit the hobgoblin.
You kill the hobgoblin!
The goblin no longer looks unusually strong.
The foxfire hits the goblin.
You kill the goblin!
Robin barely misses you.
The foxfire hits Robin.
Robin is lightly wounded.
Robin hits you from afar with a +0 trident!
* * * LOW HITPOINT WARNING * * *
You are too injured to fight recklessly!
Casting: Foxfire (safe; 7% risk of failure)
Confirm with . or Enter, or press ? or * to list all spells.
You don't have enough magic to cast this spell.
Robin barely misses you.
You see here a hobgoblin corpse.
You barely miss Robin. Your headbutt misses Robin.
Robin is lightly wounded.
Robin closely misses you.
You hit Robin. You headbutt Robin!
Robin is heavily wounded.
Robin closely misses you.
You hit Robin. Your headbutt misses Robin.
Robin is almost dead.
Robin hits you with a +0 trident.
You die...

.......#.........#.#
.......#.........#.#
.......#.........#.#
.....###.........).#
.#...#...........###
.#...#.#.........####
##...#.#.........)))#
#.....#........†##<#
########.......)@##†#
.........#####...g..#####
.........# #............
.........# #............
.........# #####)######!
.........####### #.#
<<.............. .†#
................ ...
................ ...


You could see Robin.

Vanquished Creatures
  A dart slug (D:1)
  4 endoplasms
  7 hobgoblins
  A quokka (D:1)
  5 ball pythons
  4 bats (D:1)
  9 goblins
  3 kobolds (D:1)
  4 rats (D:1)
38 creatures vanquished.

Vanquished Creatures (others)
  83 foxfires
83 creatures vanquished.

Grand Total: 121 creatures vanquished

Notes
Turn   | Place    | Note
-------+----------+-------------------------------------------
     0 | D:1      | gelatine the Demonspawn Fire Elementalist began the quest
                  | for the Orb.
     0 | D:1      | Reached XP level 1. HP: 13/13 MP: 3/3
   113 | D:1      | Reached skill level 3 in Fire Magic
   352 | D:1      | Gained mutation: You are partially covered in razor-sharp
                  | scales. (AC +1, Slay +1) [demonic ancestry]
   352 | D:1      | Reached XP level 2. HP: 9/19 MP: 1/5
  1164 | D:2      | Gained mutation: You have a pair of small horns on your
                  | head. [demonic ancestry]
  1164 | D:2      | Reached XP level 3. HP: 21/24 MP: 2/6
  1168 | D:2      | Noticed Robin
  1240 | D:2      | Slain by Robin

Illustrated notes

Levels and vault maps discovered:
D:1:      lightli_arrival_lavapool, layout_rooms
D:2:      layout_basic, ebering_ecumenical_altar_box, serial_shops,
          nicolae_shop_trees, uniq_robin

Skill      XL: |  1  2 |
---------------+-------+-----
Fire Magic     | 3 |  3.3
Stealth        | 2 |  2.0
Maces & Flails | |  0.7
Dodging        | |  1.9
Spellcasting   | |  2.3
Conjurations   | |  1.0

Action                   || total
-------------------------++-------
Melee: Club              ||    24
       Whip              ||    13
       Headbutt          ||     1
 Cast: Foxfire           ||    50
 Stab: Sleeping          ||     1
Armor: Robe              ||    15
Dodge: Dodged            ||    36

Table legend: (Time is in decaauts)
 A = Elapsed time spent in this place.
 B = Non-inter-level travel time spent in this place.
 C = Inter-level travel time spent in this place.
 D = Time resting spent in this place.
 E = Time spent auto-exploring this place.
 F = Levels seen in this place.
 G = Mean time per level.
                   A        B        C        D        E       F      G
               +--------+--------+--------+--------+--------+-----+--------+
         Total |   1248 |   1225 |     23 |     49 |    942 |   2 |  624.0 |
       Dungeon |   1248 |   1225 |     23 |     49 |    942 |   2 |  624.0 |
               +--------+--------+--------+--------+--------+-----+--------+

Top non-repeatable levels by time:
     D:1: 1035 daAuts
     D:2: 213 daAuts
